 Dungeon Crawl Stone Soup version 0.18.1-5-g4a78601 (webtiles) character file.

49 Jorlmund the Conjurer (level 3, 0/21 HPs)
             Began as an Octopode Conjurer on May 13, 2016.
             Slain by Crazy Yiuf
             ... wielding a +3 quarterstaff of chaos
              (3 damage)
             ... on level 2 of the Dungeon.
             The game lasted 00:04:56 (1917 turns).

Jorlmund the Conjurer (Octopode Conjurer)           Turns: 1917, Time: 00:04:57

Health: 0/21       AC:  1    Str:  7    XL:     3   Next: 77%
Magic:  0/6        EV: 12    Int: 18    God:
Gold:   26         SH:  0    Dex: 12    Spells: 2 memorised, 3 levels left

rFire  . . .     SeeInvis .     l - +0 dagger
rCold  . . .     Gourm    .     (no shield)
rNeg   . . .     Faith    .     (helmet restricted)
rPois  .         Spirit   .     (no amulet)
rElec  .         Dismiss  .     (no ring)
rCorr  .         Reflect  .     (no ring)
SustAt .         Harm     .     (no ring)
MR     .....                    (no ring)
Stlth  +++.......               (no ring)
                                (no ring)
                                (no ring)
                                (no ring)

@: lethally poisoned (0 -> -15), not resistant to hostile enchantments, fairly
stealthy
A: almost no armour, amphibious, 8 rings, constrict 8, camouflage 1, gelatinous
body 1
a: no special abilities


You were on level 2 of the Dungeon.
You were not hungry.

You visited 1 branch of the dungeon, and saw 2 of its levels.

You collected 26 gold pieces.

Inventory:

Hand Weapons
 l - a +0 dagger (weapon)
Armour
 e - a troll hide
Jewellery
 q - an uncursed amulet of faith {unknown}
Scrolls
 d - 3 scrolls of remove curse {unknown}
 f - a scroll of enchant weapon {unknown}
 h - a scroll of amnesia {unknown}
 k - a scroll of teleportation {unknown}
 o - a scroll of enchant armour {unknown}
Potions
 j - a potion of ambrosia {unknown}
 n - a potion of lignification {unknown}
Books
 a - a book of Conjurations

   Spells                             Type                      Level
   a - Magic Dart                     Conjuration                  1
   b - Searing Ray                    Conjuration                  2
   c - Dazzling Spray                 Conjuration/Hexes            3
   d - Fulminant Prism                Conjuration/Hexes            4
   e - Iskenderun's Mystic Blast      Conjuration                  4
   f - Iskenderun's Battlesphere      Conjuration/Charms           5
 m - a book of Alchemy

   Spells                             Type                      Level
   a - Sublimation of Blood           Necromancy                   2
   b - Ignite Poison                  Fire/Transmutation/Poison    3
   c - Petrify                        Transmutation/Earth          4
   d - Alistair's Intoxication        Transmutation/Poison         5
   e - Irradiate                      Conjuration/Transmutation    5
Comestibles
 b - a bread ration
 c - 2 fruits
 g - a meat ration
 i - a royal jelly


   Skills:
 + Level 2.1 Dodging
 - Level 2.8 Stealth
 * Level 2.2 Spellcasting
 + Level 5.0 Conjurations


You had 3 spell levels left.
You knew the following spells:

 Your Spells              Type           Power        Failure   Level  Hunger
a - Magic Dart            Conj           ###.         1%          1    #......
c - Searing Ray           Conj           ###...       3%          2    ##.....


Dungeon Overview and Level Annotations

Branches:
Dungeon (2/15)

Altars:

Annotations:
D:2 Crazy Yiuf


Innate Abilities, Weirdness & Mutations

You cannot wear most types of armour.
You are amphibious.
You can wear up to eight rings at the same time.
You can use your tentacles to constrict eight enemies at once.
Your skin changes colour to match your surroundings (Stealth).
Your rubbery body absorbs attacks (AC +1).


Message History

All of the chunks of flesh in your inventory have rotted away.
You hit Crazy Yiuf but do no damage.
Crazy Yiuf is heavily wounded.
You constrict Crazy Yiuf.
Crazy Yiuf says, "Orb snockshim head!"
Crazy Yiuf closely misses you.
You hit Crazy Yiuf.
Crazy Yiuf is severely wounded.
You constrict Crazy Yiuf.
Crazy Yiuf hits you with a quarterstaff of chaos!
Ouch! That really hurt!
* * * LOW HITPOINT WARNING * * *
You are lethally poisoned!
You hit Crazy Yiuf but do no damage.
Crazy Yiuf is almost dead.
You constrict Crazy Yiuf.
* * * LOW HITPOINT WARNING * * *
You feel sick.
Crazy Yiuf hits you with a quarterstaff of chaos.
You die...

..##.###...#..#....# ##.
..#.###...#..#....# #.
##..........# .#.# #.
###.#######.## # # ##.
#.....# ### #.. #.#.###
#.. #.#.####♣♣♣♣♣ ##.
##..##....♣.♣♣♣ ##.
#.....@g..♣..♣ #..
...⌠..........♣♣♣♣.g...#
##. ##...#.......♣♣
#..)# #.. ##.##....##♣♣
### #.. ...#.....# #..
#.. #.....# #.. #.
#.....# ############..
####### #.......#.....
#.#.............


You could see Crazy Yiuf.

Vanquished Creatures
  2 adders (D:2)
  An ooze (D:2)
  2 worms (D:2)
  A dart slug (D:2)
  A giant gecko (D:2)
  4 goblins
  2 kobolds (D:2)
  4 bats
  2 giant newts (D:2)
  A rat (D:1)
20 creatures vanquished.

Notes
Turn   | Place    | Note
--------------------------------------------------------------
     0 | D:1      | Jorlmund the Octopode Conjurer began the quest for the Orb.
     0 | D:1      | Reached XP level 1. HP: 11/11 MP: 3/3
   670 | D:1      | Reached XP level 2. HP: 17/17 MP: 3/5
   834 | D:2      | Learned a level 2 spell: Searing Ray
  1103 | D:2      | Reached XP level 3. HP: 21/21 MP: 2/6
  1525 | D:2      | Reached skill level 5 in Conjurations
  1904 | D:2      | Noticed Crazy Yiuf
  1917 | D:2      | Slain by Crazy Yiuf

Skill      XL: |  1  2  3 |
---------------+----------+-----
Conjurations   | 5 |  5.0
Dodging        | |  2.1
Stealth        | |  2.8
Spellcasting   | |  2.2

Action                   || total
-------------------------++-------
Melee: Unarmed           ||     2
       Constrict         ||     5
       Dagger            ||    17
       Tentacles         ||     2
 Cast: Magic Dart        ||    25
       Searing Ray       ||    16
  Eat: Chunk             ||     4
Dodge: Dodged            ||    12
